 Dungeon Crawl Stone Soup version 0.31.0-11-ge490571c62 (webtiles) character file.

Game seed: 15851861708064740887

453 howech the Changeling (level 7, -1/43 HPs)
             Began as an Octopode Shapeshifter on Feb 10, 2024.
             Was a Follower of Trog.
             Slain by an orc wizard
             ... wielding a +0 dagger
              (3 damage)
             ... on level 5 of the Dungeon.
             The game lasted 00:08:52 (3726 turns).

howech the Changeling (Octopode Shapeshifter)       Turns: 3726, Time: 00:08:52

Health: -1/43      AC:  1    Str: 14 (15) XL:     7   Next: 5%
Magic:  7/7        EV: 13    Int: 11 (13) God:    Trog [*.....]
Gold:   223        SH:  0    Dex:  9 (11) Spells: 6/6 levels left

rFire   . . .        x - +2 war axe (vamp)
rCold   . . .        (no shield)
rNeg    . . .        (helmet currently unavailable)
rPois   .            (no amulet)
rElec   .            (no ring)
rCorr   .            (no ring)
SInv    .            (no ring)
Will    .....        (no ring)
Stlth   ++           (no ring)
HPRegen 0.27/turn    (no ring)
MPRegen 0.10/turn    (no ring)
                     (no ring)

%: no passive effects
@: beast-form
A: beast (slay +3), almost no armour, amphibious, 8 rings, camouflage 1,
gelatinous body 1, (nimble swimmer 1), tentacles, tentacle spike 1, inability to
read after injury 1
a: Begin Untransformation, Renounce Religion, Berserk


You were on level 5 of the Dungeon.
You worshipped Trog.
Trog was aware of your devotion.
You were a hulking beast.
You visited 1 branch of the dungeon, and saw 5 of its levels.

You collected 223 gold pieces.

Inventory:

Hand Weapons
 d - a +0 short sword
 e - a +1 heavy spear
 x - a +2 vampiric war axe (weapon)
Missiles
 h - 6 boomerangs (quivered)
Jewellery
 l - an amulet of guardian spirit
 q - a ring of fire
 t - a +6 ring of strength
 w - a +6 ring of intelligence
Talismans
 b - a beast talisman
 c - a flux talisman
Scrolls
 g - 3 scrolls of fog
 i - a scroll of identify
 j - 2 scrolls of vulnerability
 m - 2 scrolls of teleportation {unknown}
 n - 2 scrolls of noise
 u - 2 scrolls of blinking {unknown}
 v - a scroll of amnesia {unknown}
 z - a scroll of fear {unknown}
Potions
 a - 2 potions of lignification
 f - 4 potions of curing
 k - a potion of attraction
 s - a potion of might


   Skills:
 + Level 1.0 Fighting
 + Level 2.1 Axes
 + Level 2.0 Dodging
 + Level 0.2 Stealth
 - Level 3.0 Unarmed Combat
 * Level 6.8 Shapeshifting


You had 6 spell levels left.
You didn't know any spells.
Your spell library was empty.

Dungeon Overview and Level Annotations

Branches:
Dungeon (5/15)
 Temple: D:4-7

Altars:
Qazlal
Trog


Innate Abilities, Weirdness & Mutations

You are a hulking beast.
Your limbs bulge with bestial killing power. (Slay +3)
You cannot wear most types of armour.
You are amphibious.
You can wear up to eight rings at the same time.
Your skin changes colour to match your surroundings (Stealth+).
Your rubbery body absorbs attacks. (AC +1, EV +1)
((You are camouflaged when in or above water. (Stealth+)))
You have tentacles for arms and can constrict up to eight enemies at once.
One of your tentacles bears a spike.
You occasionally lose the ability to read scrolls when taking damage.


Message History

Things that are here:
a +0 whip; an orc corpse You closely miss the orc wizard.
The orc shouts!
The orc wizard mumbles some strange words.
The orc wizard flickers and vanishes!
Deactivating autopickup; reactivate with Ctrl-A.
You barely miss something.
Your tentacle spike misses something.
The orc wizard casts a spell at you.
You are more confused.
Something hits you. x2
You bump into the rock wall.
The orc hits you from afar with a +0 trident.
Something hits you.
A magic dart appears from out of thin air!
The magic dart hits you!
Unknown command.
Something hits you.
You miss the orc wizard. Your squeeze misses the orc wizard.
You completely miss something. The orc barely misses you.
The orc wizard gestures at you while chanting.
The magic dart hits you!
* * * LOW HITPOINT WARNING * * *
Unknown command.
You feel better. The orc closely misses you. The orc wizard closely misses you.
You hear some strange, mumbled words.
A puff of flame appears from out of thin air!
The puff of flame hits you!
* * * LOW HITPOINT WARNING * * *
Unknown command.
You hit the orc wizard. You grab the orc wizard.
The orc wizard is moderately wounded.
You closely miss something.
You constrict the orc wizard, but do no damage.
The orc hits you from afar with a +0 trident.
* * * LOW HITPOINT WARNING * * *
The orc wizard hits you with a +0 dagger.
* * * LOW HITPOINT WARNING * * *
Something hits you.
You die...

###### ##### #.....
....###### #.....
....#....# #.....
....#....# #.....
....#....# .#. ...
...?##.###
...>##o#..####..#######
.......oo........[....#
....##{h###....<......#
......................#
#...###.#######...#...#
#.............##..#####
#....##.#####.##...#
.... #.# #....#..# ...
... ###..##.# .. ##.#
#.#...>.. . #.#
.....#..###


You could see an orc priest, an orc wizard and an orc.

Vanquished Creatures
  A black bear (D:4)
  A bombardier beetle (D:4)
  3 orc priests
  Terence (D:2)
  3 orc wizards
  A gnoll (D:1)
  4 adders
  3 dart slugs
  A ribbon worm (D:4)
  10 orcs
  6 endoplasms
  4 giant cockroaches
  10 goblins
  5 hobgoblins
  8 jackals
  4 kobolds
  3 quokkas
  3 ball pythons
  5 bats
  2 frilled lizards
  A rat (D:2)
79 creatures vanquished.

Notes
Turn   | Place    | Note
-------+----------+-------------------------------------------
     0 | D:1      | howech the Octopode Shapeshifter began the quest for the
                  | Orb.
     0 | D:1      | Reached XP level 1. HP: 13/13 MP: 1/1
    25 | D:1      | Reached XP level 2. HP: 10/18 MP: 2/2
   351 | D:1      | Reached XP level 3. HP: 21/23 MP: 3/3
   353 | D:1      | Reached skill level 4 in Shapeshifting
  1100 | D:2      | Reached XP level 4. HP: 28/28 MP: 4/4
  1179 | D:2      | Found a stormy altar of Qazlal.
  1232 | D:2      | Noticed Terence
  1240 | D:2      | Killed Terence
  1393 | D:2      | Reached skill level 5 in Shapeshifting
  1766 | D:3      | Reached XP level 5. HP: 15/33 MP: 5/5
  2148 | D:3      | Reached skill level 6 in Shapeshifting
  2243 | D:3      | Found a faded altar of an unknown god.
  2253 | D:3      | Prayed at the altar of an unknown god.
  2253 | D:3      | Became a worshipper of Trog the Wrathful
  2253 | D:3      | Reached * piety under Trog
  2630 | D:3      | Reached XP level 6. HP: 12/38 MP: 6/6
  2885 | D:4      | Reached skill level 1 in Axes
  3020 | D:4      | Gained mutation: You are clumsy. (Dex -2) [potion of
                  | mutation]
  3020 | D:4      | Gained mutation: You are vulnerable to cold. (rC-) [potion
                  | of mutation]
  3020 | D:4      | Gained mutation: You are partially covered in iridescent
                  | scales. (AC +2) [potion of mutation]
  3021 | D:4      | Lost mutation: You are partially covered in iridescent
                  | scales. (AC +2) [potion of mutation]
  3021 | D:4      | Lost mutation: You are clumsy. (Dex -2) [potion of
                  | mutation]
  3021 | D:4      | Lost mutation: You are vulnerable to cold. (rC-) [potion of
                  | mutation]
  3021 | D:4      | Gained mutation: You occasionally lose the ability to read
                  | scrolls when taking damage. [potion of mutation]
  3021 | D:4      | Gained mutation: One of your tentacles bears a spike.
                  | [potion of mutation]
  3352 | D:4      | Noticed a black bear
  3360 | D:4      | Killed a black bear
  3361 | D:4      | Reached XP level 7. HP: 43/43 MP: 7/7
  3690 | D:5      | Entered Level 5 of the Dungeon
  3726 | D:5      | HP: 2/43 [orc wizard/+0 dagger (5)]
  3726 | D:5      | Slain by an orc wizard

Illustrated notes

Levels and vault maps discovered:
D:1:      eino_arrival_water_cross, layout_basic, minivault_26
D:2:      layout_basic, basic_altar, uniq_terence
D:3:      layout_basic, ebering_ecumenical_altar_mist
D:4:      layout_cave_pods
D:5:      layout_rooms, minmay_small_thing, uniq_crazy_yiuf_cottage,
          uniq_duvessa

Skill      XL: |  1  2  3  4  5  6 |
---------------+-------------------+-----
Shapeshifting  | 4 5 6 |  6.8
Axes           | 2 |  2.1
Fighting       | |  1.0
Dodging        | |  2.0
Stealth        | |  0.2
Unarmed Combat | |  3.0

Action                     |  1- 3 |  4- 6 |  7- 9 || total
---------------------------+-------+-------+-------++-------
  Melee: Unarmed           |    61 |    89 |     7 ||   157
         Constrict         |    18 |    21 |     3 ||    42
         Tentacles         |    11 |    22 |     1 ||    34
         Punch             |     1 |     4 |     1 ||     6
         Kick              |       |     1 |       ||     1
         War axe           |       |       |     8 ||     8
  Throw: Boomerang         |       |     3 |       ||     3
 Invoke: Berserk           |       |     1 |       ||     1
    Use: Scroll            |       |     7 |       ||     7
         Potion            |       |     9 |     1 ||    10
   Stab: Sleeping          |     3 |     5 |       ||     8
 Armour: Skin              |    31 |    56 |    16 ||   103
  Dodge: Dodged            |    29 |    44 |     9 ||    82
